 Dungeon Crawl Stone Soup version 0.24.0-28-g17ded55e90 (webtiles) character file.

Game seed: 3337832757153557909, levelgen mode: deterministic

2996 H0rd4k the Thaumaturge (level 9, -13/47 HPs)
             Began as a Deep Elf Wizard on Nov 13, 2019.
             Was an Initiate of Gozag.
             Mangled by an ogre
             ... wielding a +0 giant spiked club
              (22 damage)
             ... on level 8 of the Dungeon.
             The game lasted 00:22:38 (7700 turns).

H0rd4k the Thaumaturge (Deep Elf Wizard)            Turns: 7700, Time: 00:22:38

Health: -13/47     AC:  2    Str:  4    XL:     9   Next: 54%
Magic:  8/27       EV: 13    Int: 27    God:    Gozag
Gold:   812        SH:  0    Dex: 13    Spells: 23/32 levels left

rFire    + . .     SeeInvis .   (no weapon)
rCold    . . .     Gourm    .   (no shield)
rNeg     . . .     Faith    .   a - +0 robe
rPois    .         Spirit   .   b - +0 hat
rElec    .         Reflect  .   (no cloak)
rCorr    +         Harm     .   (no gloves)
MR       .....                  (no boots)
Stlth    ++........             (no amulet)
HPRegen  0.15/turn              i - ring of fire
MPRegen  0.20/turn              s - ring of Horagejy {rC+ rCorr}

@: no status effects
A: no striking features
a: Potion Petition, Call Merchant, Bribe Branch, Renounce Religion


You were on level 8 of the Dungeon.
You worshipped Gozag.
Gozag was pleased with you.
You were not hungry.

You visited 1 branch of the dungeon, and saw 8 of its levels.
You also visited: Ossuary.

You collected 829 gold pieces.
You paid 17 gold pieces to Gozag.

Inventory:

Hand Weapons
 c - a +2 vampiric short sword
Armour
 a - a +0 robe (worn)
 b - a +0 hat (worn)
Jewellery
 i - a ring of fire (left hand)
 s - the ring of Horagejy (right hand) {rC+ rCorr}
   (You found it in an ossuary)

   [ring of resist corrosion]

   It protects you from cold.
   It provides partial protection from all sources of acid and corrosion.
 x - a cursed amulet of inaccuracy {unknown}
Wands
 h - a wand of polymorph (8)
Scrolls
 d - a scroll of torment {unknown}
 e - 2 scrolls of teleportation
 f - a scroll of magic mapping
 g - a scroll of fear
 j - 3 scrolls of remove curse
 k - 4 scrolls of amnesia {unknown}
 l - 12 scrolls of identify {unknown}
 r - a scroll of enchant weapon {unknown}
Potions
 m - 4 potions of curing {unknown}
 n - a potion of haste {unknown}
 o - a potion of degeneration {unknown}
 p - 2 potions of berserk rage {unknown}
 q - 3 potions of heal wounds {unknown}
 t - a potion of mutation {unknown}
 u - a potion of might {unknown}
 v - a potion of agility {unknown}
 w - a potion of invisibility {unknown}
Comestibles
 z - a ration


   Skills:
 + Level 1.2 Fighting
 + Level 3.4 Dodging
 + Level 3.8 Stealth
 + Level 12.4 Spellcasting
 + Level 9.0 Conjurations
   Level 1.1 Summonings
 + Level 2.3 Translocations
 + Level 2.8 Fire Magic
 + Level 0.1 Evocations


You had 23 spell levels left.
You knew the following spells:

 Your Spells              Type           Power        Failure   Level  Hunger
a - Magic Dart            Conj           ####         1%          1    None
b - Blink                 Tloc           N/A          1%          2    None
c - Conjure Flame         Conj/Fire      ######..     1%          3    None
d - Mephitic Cloud        Conj/Pois/Air  ####....     3%          3    None

Your spell library contained the following spells:

 Spells                   Type           Power        Failure   Level  Hunger
 Apportation              Tloc           ####..       1%          1    None
 Summon Small Mammal      Summ           ###.         2%          1    None
 Animate Skeleton         Necr           N/A          3%          1    None
 Confusing Touch          Hex            ###...       3%          1    None
 Call Imp                 Summ           ###.....     3%          2    None
 Slow                     Hex            ###.....     4%          2    None


Dungeon Overview and Level Annotations

Branches:
Dungeon (8/15)            Ossuary (visited)
 Temple: D:4-7         Lair: D:8-11

Altars:
Gozag
Uskayaw

Annotations:
D:3 exclusion: 2 downstairs
D:4 Edmund, Menkaure
D:5 exclusion: upstairs
D:6 exclusion: 2 centaurs
D:7 Dowan, Duvessa


Message History

The ogre is severely wounded.
Casting: Magic Dart (safe; 1% risk of failure)
Confirm with . or Enter, or press ? or * to list all spells.
Aiming: Magic Dart (safe; 1% risk of failure)
Press: ? - help, Shift-Dir - straight line, f/p - ogre
Aim: an ogre, wielding a +0 giant spiked club (severely wounded)
The magic dart hits the ogre.
The ogre is severely wounded.
The ogre hits you with a +0 giant spiked club!!
* * * LOW HITPOINT WARNING * * *
Casting: Magic Dart (safe; 1% risk of failure)
Confirm with . or Enter, or press ? or * to list all spells.
Aiming: Magic Dart (safe; 1% risk of failure)
Press: ? - help, Shift-Dir - straight line, f/p - ogre
Aim: an ogre, wielding a +0 giant spiked club (severely wounded)
The magic dart hits the ogre.
The ogre is almost dead.
The ogre hits you with a +0 giant spiked club!!
You die...
Your body crumbles into a pile of gold.

...#....#
#..#..........#
##.#....###....#.#.#...#
#.##......#...........+
#.........##......#...#
######.....#.....###
..... .....#.(...###)#.#
...# .....####### #.#.#
..# .....# #..O# ...
.....# ##.@# .[# #+####
#...#####..... ..#
##..##<....... <.####
#.>###....... .....###
#### a)..... .......#
..##..# .##..#.# ..# ..
.##..#.# ... # .##....#
#?#.


You could see an ogre.

Vanquished Creatures
  A two-headed ogre (D:8)
  Grinder (D:6)
  Prince Ribbit (D:7)
  A wraith (Ossuary)
  A water moccasin (D:6)
  2 sky beasts
  A black bear (D:6)
  A phantom (D:7)
  An ogre (D:6)
  A centaur (D:5)
  2 bullfrogs
  3 scorpions
  A wyvern skeleton (D:7)
  A howler monkey (D:4)
  A centaur zombie (D:5)
  A crimson imp (D:8)
  An orc wizard (D:6)
  3 hounds
  2 centaur skeletons
  A jelly (D:5)
  A bullfrog skeleton (D:7)
  An orc priest (D:6)
  Natasha (D:4)
  3 iguanas
  5 worker ants
  2 big kobold zombies (Ossuary)
  3 mummies (Ossuary)
  A worker ant zombie (D:5)
  6 adders
  A shadow imp (D:5)
  3 oozes
  An adder zombie (D:7)
  2 worms
  2 dart slugs (D:1)
  2 leopard geckos
  14 orcs
  A ball python (D:3)
  3 giant cockroaches
  6 goblins
  10 hobgoblins
  2 jackals (D:2)
  7 kobolds
  3 quokkas
  4 bats
  4 frilled lizards
  A gnoll zombie (Ossuary)
  A goblin zombie (Ossuary)
  5 hobgoblin zombies (Ossuary)
  5 kobold zombies (Ossuary)
  A leopard gecko zombie (D:6)
  An orc zombie (Ossuary)
  10 rats
139 creatures vanquished.

Notes
Turn   | Place    | Note
-------+----------+-------------------------------------------
     0 | D:1      | H0rd4k the Deep Elf Wizard began the quest for the Orb.
     0 | D:1      | Reached XP level 1. HP: 10/10 MP: 7/7
   147 | D:1      | Reached skill level 5 in Spellcasting
   147 | D:1      | Reached XP level 2. HP: 14/15 MP: 2/10
   638 | D:1      | Reached XP level 3. HP: 19/19 MP: 9/12
  1145 | D:2      | Reached skill level 6 in Spellcasting
  1284 | D:2      | Learned a level 2 spell: Blink
  1288 | D:2      | Learned a level 3 spell: Conjure Flame
  1292 | D:2      | Learned a level 3 spell: Mephitic Cloud
  1313 | D:2      | Found an opulent altar of Gozag.
  1345 | D:2      | Became a worshipper of Gozag Ym Sagoz the Greedy
  1352 | D:2      | Reached XP level 4. HP: 23/24 MP: 7/14
  1705 | D:3      | Found a faded altar of an unknown god.
  2552 | D:4      | Reached XP level 5. HP: 27/28 MP: 6/16
  2627 | D:4      | Noticed Edmund
  2645 | D:4      | Reached skill level 7 in Spellcasting
  2651 | D:4      | Noticed Natasha
  2808 | D:4      | Killed Natasha
  2808 | D:4      | Reached XP level 6. HP: 33/33 MP: 11/18
  2957 | D:4      | Noticed Menkaure
  2997 | D:5      | Entered Level 5 of the Dungeon
  3040 | D:5      | Reached skill level 8 in Spellcasting
  3556 | D:5      | Reached XP level 7. HP: 37/37 MP: 12/21
  4278 | D:6      | Reached skill level 5 in Conjurations
  4378 | D:6      | Reached skill level 9 in Spellcasting
  4592 | D:6      | Found a sand-covered staircase.
  4597 | Ossuary  | Entered an ossuary
  4597 | Ossuary  | Noticed a wraith
  4597 | Ossuary  | Noticed a wraith
  4597 | Ossuary  | Noticed a wraith
  4928 | Ossuary  | Got a vibrating tin ring
  4931 | Ossuary  | Identified the ring of Horagejy {rC+ rCorr} (You found it
                  | in an ossuary)
  5239 | Ossuary  | Noticed a wraith
  5261 | Ossuary  | Killed a wraith
  5261 | Ossuary  | Reached skill level 1 in Fire Magic
  5261 | Ossuary  | Reached XP level 8. HP: 42/42 MP: 0/23
  5559 | D:6      | Reached skill level 1 in Fighting
  5559 | D:6      | Reached skill level 10 in Spellcasting
  5975 | D:6      | Noticed Grinder
  5976 | D:6      | Paralysed by Grinder for 7 turns
  6009 | D:6      | Killed Grinder
  6009 | D:6      | Reached skill level 11 in Spellcasting
  6967 | D:7      | Noticed Prince Ribbit
  7086 | D:7      | Killed Prince Ribbit
  7086 | D:7      | Reached XP level 9. HP: 16/47 MP: 12/26
  7457 | D:7      | Noticed Duvessa
  7472 | D:7      | Noticed Dowan
  7510 | D:7      | Found a hide-covered altar of Uskayaw.
  7662 | D:8      | Noticed a two-headed ogre
  7676 | D:8      | Killed a two-headed ogre
  7676 | D:8      | Reached skill level 12 in Spellcasting
  7700 | D:8      | Mangled by an ogre

Levels and vault maps discovered:
D:1:      dpeg_arrival_tiny_j, layout_loops_ring, minmay_misc_feat_roman,
          chequers_serial_rivers_room_a
D:2:      layout_loops_ring, nicolae_overflow_crystal_walls,
          minmay_misc_feat_enclosed, minivault_4
D:3:      layout_basic, chequers_ecumenical_altar_simple_redux, minivault_27,
          kennysheep_donut
D:4:      layout_cave_pools, first_ration, uniq_edmund, uniq_natasha,
          uniq_menkaure
D:5:      layout_loops_ring
D:6:      layout_loops_corners, enter_ossuary_2, uniq_grinder
D:7:      layout_cave_pools, lemuel_doored_altar, minitemple,
          minmay_temple_entry_proselytizer, uniq_duvessa, uniq_prince_ribbit1,
          uniq_joseph
D:8:      layout_basic

Skill      XL: |  1  2  3  4  5  6  7  8  9 |
---------------+----------------------------+-----
Spellcasting   | 5 6 7 8 9 11 12 | 12.4
Conjurations   | 2 3 4 6 8 9 |  9.0
Stealth        | 3 |  3.8
Fire Magic     | 1 2 |  2.8
Fighting       | 1 |  1.2
Dodging        | 3 |  3.4
Translocations | 2 |  2.3
Summonings     | |  1.1
Evocations     | |  0.1

Action                   |  1- 3 |  4- 6 |  7- 9 || total
-------------------------+-------+-------+-------++-------
 Cast: Magic Dart        |    98 |   133 |   287 ||   518
       Conjure Flame     |       |     6 |    32 ||    38
       Blink             |       |     3 |     7 ||    10
       Mephitic Cloud    |       |     1 |       ||     1
Evoke: Wand              |       |       |     1 ||     1
  Use: Scroll            |       |     4 |     1 ||     5
  Eat: Chunk             |     1 |       |       ||     1
       Ration            |       |     2 |     4 ||     6
Armor: Robe              |     2 |     1 |     5 ||     8
       Skin              |       |       |     3 ||     3
Dodge: Dodged            |    16 |    13 |    47 ||    76
